 Dungeon Crawl Stone Soup version 0.25.0-65-g31bcc41 (webtiles) character file.

822 Dorkslayer the Covered (level 7, -2/44 HPs)
             Began as a Gargoyle Fighter on Nov 10, 2020.
             Slain by an orc warrior
             ... wielding a +0 halberd
              (14 damage)
             ... on level 1 of the Dungeon.
             The game lasted 00:01:48 (580 turns).

Dorkslayer the Covered (Gargoyle Fighter)            Turns: 580, Time: 00:01:48

Health: -2/44      AC: 16    Str: 26    XL:     7   Next: 95%
Magic:  7/7        EV:  8    Int:  9    God:
Gold:   95         SH: 10    Dex:  9    Spells: 6/6 levels left

rFire    . . .     SeeInvis .   a - +0 long sword
rCold    . . .     Gourm    .   c - +0 shield
rNeg     + + .     Faith    .   b - +0 scale mail
rPois    ∞         Spirit   .   (no helmet)
rElec    +         Reflect  .   (no cloak)
rCorr    .         Harm     .   (no gloves)
MR       .....                  (no boots)
Stlth    ..........             k - amulet of rage
HPRegen  0.14/turn              h - +4 ring of protection
MPRegen  0.10/turn              s - ring of positive energy

@: mighty
A: negative energy resistance 1, electricity resistance, unbreathing,
petrification resistance, rot immunity, AC +4
a: Evoke Berserk Rage


You were on level 1 of the Dungeon.
You were not hungry.

You visited 1 branch of the dungeon, and saw 1 of its levels.

You collected 95 gold pieces.

Inventory:

Hand Weapons
 a - a +0 long sword (weapon)
Armour
 b - a +0 scale mail (worn)
 c - a +0 shield (worn)
Jewellery
 h - a +4 ring of protection (left hand)
 k - an amulet of rage (around neck)
 s - a ring of positive energy (right hand)
Scrolls
 e - 3 scrolls of noise {unknown}
 g - 3 scrolls of remove curse {unknown}
 i - 3 scrolls of enchant weapon {unknown}
 m - 2 scrolls of random uselessness {unknown}
 o - 5 scrolls of identify {unknown}
 p - a scroll of teleportation {unknown}
 r - a scroll of blinking {unknown}
Potions
 d - a potion of might
 j - a potion of heal wounds {unknown}
 l - a potion of invisibility {unknown}
 q - a potion of agility {unknown}
Comestibles
 f - 6 rations


   Skills:
 + Level 5.6 Fighting
 + Level 3.6 Long Blades
 + Level 6.0 Armour
 + Level 0.4 Dodging
 + Level 5.9 Shields


You had 6 spell levels left.
You didn't know any spells.
Your spell library was empty.

Dungeon Overview and Level Annotations

Branches:
Dungeon (1/3)              Temple (0/1) D:1

Altars:
Vehumet


Innate Abilities, Weirdness & Mutations

You are resistant to torment.
Your stone body is resilient. (AC +4)
You are immune to poison.
You resist negative energy. (rN+)
You are resistant to electric shocks. (rElec)
You can survive without breathing.
You are immune to petrification.
You are immune to rotting.


Message History

You block the orc warrior's attack. The sky beast barely misses you.
You closely miss the sky beast.
The sky beast is almost dead.
The orc warrior hits you from afar with a +0 halberd!
* * * LOW HITPOINT WARNING * * *
The sky beast flickers out of sight!
Deactivating autopickup; reactivate with Ctrl-A.
You block something's attack.
The orc warrior throws a poisoned tomahawk.
The poisoned tomahawk barely misses you.
It was a potion of curing.
You feel better. Something hits you but does no damage.
Okay, then.
You barely miss something. Something hits you but does no damage.
The orc warrior hits you from afar with a +0 halberd!
* * * LOW HITPOINT WARNING * * *
Something hits you but does no damage.
You feel better.
The orc warrior hits you from afar with a +0 halberd!
You die...

#..# ###..(..#### ##.## #>..o.###
######### ##..#####...###
#.......# #.........oY#
####.#.###.#### ..#....####.#
#....>.##.....# ####.).##...#
###.........###.# # ##.#.....###
#...###..#### #.#
###..####....####.(## #.## #.#
.....####.##..o{@.## #..# #..
(.......#.###.########### ###
.######.......#≈≈..≈≈.# ########.
#######.......#≈≈≈P.≈≈###........
........##....#≈≈..≈.≈#.......##.
#####...##....#≈≈....≈#######.^..
#####.####....#≈.≈P≈#.# ###...##
#....# #....#..≈≈P#.####...#..#
##.#### ###..'≈≈≈≈≈#<#......##.#


You could see an orc warrior.

Vanquished Creatures
  A crimson imp (D:1)
  A jelly (D:1)
  An iguana (D:1)
  An orc wizard (D:1)
  A worker ant (D:1)
  A killer bee zombie (D:1)
  3 orcs (D:1)
9 creatures vanquished.

Notes
Turn   | Place    | Note
-------+----------+-------------------------------------------
     0 | D:1      | Dorkslayer the Gargoyle Fighter began the quest for the
                  | Orb.
     0 | D:1      | Reached XP level 1. HP: 14/14 MP: 1/1
    10 | D:1      | Noticed an iguana
    18 | D:1      | Killed an iguana
    18 | D:1      | Reached skill level 4 in Armour
    18 | D:1      | Reached XP level 2. HP: 6/20 MP: 2/2
    18 | D:1      | Reached XP level 3. HP: 8/24 MP: 3/3
    18 | D:1      | Reached XP level 4. HP: 9/29 MP: 4/4
    18 | D:1      | Reached XP level 5. HP: 11/33 MP: 5/5
   226 | D:1      | Reached XP level 6. HP: 39/39 MP: 6/6
   265 | D:1      | Reached skill level 5 in Armour
   265 | D:1      | Reached skill level 5 in Shields
   314 | D:1      | Found a radiant altar of Vehumet.
   482 | D:1      | Reached skill level 5 in Fighting
   482 | D:1      | Reached XP level 7. HP: 42/44 MP: 7/7
   541 | D:1      | Found a staircase to the Ecumenical Temple.
   571 | D:1      | Reached skill level 6 in Armour
   580 | D:1      | Slain by an orc warrior

Skill      XL: |  1  2  3  4  5  6  7 |
---------------+----------------------+-----
Fighting       | 4 5 |  5.6
Long Blades    | 2 3 |  3.6
Armour         | 4 5 6 |  6.0
Shields        | 4 5 |  5.9
Dodging        | |  0.4

Action                   |  1- 3 |  4- 6 |  7- 9 || total
-------------------------+-------+-------+-------++-------
Melee: Long sword        |     6 |    25 |    24 ||    55
  Use: Potion            |       |     1 |     3 ||     4
Armor: Scale mail        |       |    19 |    25 ||    44
Dodge: Dodged            |     2 |     6 |     6 ||    14
Block: Shield            |     2 |    18 |    11 ||    31
       Rpst.: Long sword |       |     1 |     1 ||     2
